 Dungeon Crawl Stone Soup version 0.24.0-37-gcf1ca852f1 (webtiles) character file.

Game seed: 13953707517091710643, levelgen mode: deterministic

172 PentaManta the Ruffian (level 5, -1/53 HPs)
             Began as a Troll Monk on Nov 30, 2019.
             Slain by an orc wizard
             ... wielding a +0 dagger
              (2 damage)
             ... on level 3 of the Dungeon.
             The game lasted 00:01:53 (1165 turns).

PentaManta the Ruffian (Troll Monk)                 Turns: 1165, Time: 00:01:54

Health: -1/53      AC:  6    Str: 20    XL:     5   Next: 27%
Magic:  13/13      EV: 11    Int:  6    God:
Gold:   170        SH:  0    Dex: 12    Spells: 4/4 levels left

rFire    . . .     SeeInvis .     - Unarmed
rCold    . . .     Gourm    +   (no shield)
rNeg     . . .     Faith    .   a - +0 robe
rPois    .         Spirit   .   (helmet restricted)
rElec    .         Reflect  .   (no cloak)
rCorr    .         Harm     .   (gloves unavailable)
MR       .....     Rnd*Tele +   (boots unavailable)
Stlth    ++........             (no amulet)
HPRegen  0.57/turn              f - ring of magical power
MPRegen  0.13/turn              g - ring of teleportation (curse)

@: no status effects
A: large, unfitting armour, claws 3, fast metabolism 3, gourmand, regeneration
1, shaggy fur 1, tough skin 3
a: no special abilities


You were on level 3 of the Dungeon.
You were not hungry.

You visited 1 branch of the dungeon, and saw 3 of its levels.

You collected 170 gold pieces.

Inventory:

Armour
 a - a +0 robe (worn)
Jewellery
 f - a ring of magical power (left claw)
 g - a cursed ring of teleportation (right claw)
Scrolls
 h - 2 scrolls of remove curse {unknown}
Potions
 c - a potion of heal wounds {unknown}
 d - a potion of brilliance {unknown}
 e - 2 potions of mutation {unknown}
 i - a potion of flight {unknown}
Comestibles
 b - 2 rations


   Skills:
 + Level 3.2 Fighting
 + Level 3.4 Dodging
 - Level 1.0 Stealth
 + Level 4.5 Unarmed Combat


You had 4 spell levels left.
You didn't know any spells.
Your spell library was empty.

Dungeon Overview and Level Annotations

Branches:
Dungeon (3/15)

Altars:
Fedhas


Innate Abilities, Weirdness & Mutations

You are too large for most types of armour.
You have claws for hands.
Your metabolism is lightning-fast.
You like to eat raw meat.
Your natural rate of healing is unusually fast.
You are covered in fur. (AC +1)
You have extremely tough skin. (AC +3)


Message History

Your claw misses the orc wizard.
The orc wizard is almost dead.
You hear some strange, mumbled words.
Something tries to affect you, but you resist.
The orc wizard closely misses you.
The orc wizard points at you and mumbles some strange words.
The magic dart hits you!
* * * LOW HITPOINT WARNING * * *
The orc closely misses you.
You scratch the orc wizard.
The orc wizard is almost dead.
The orc wizard closely misses you. Something hits you but does no damage.
The orc wizard barely misses you. The orc wizard closely misses you.
Unknown command.
You claw the orc wizard!
You kill the orc wizard!
The orc closely misses you. Something hits you.
* * * LOW HITPOINT WARNING * * *
The orc wizard hits you with a +0 dagger.
You die... #... ##>.... #..... ....... #..... ....... #.....! ....!.. #....?# hh.....

#.....##ooo....
#......o)hw....
####...o@oo.o...
#....>..####h...
#.......####.o .
#..............
#.<..........o.
####....###.##.
#†...# # #....#
#....#


You could see an orc wizard, a dart slug, 7 orcs and 4 jackals.

Vanquished Creatures
  An orc wizard (D:3)
  An orc priest (D:3)
  Natasha (thrice) (D:2)
  An adder (D:3)
  2 dart slugs (D:1)
  2 leopard geckos (D:2)
  2 orcs (D:3)
  A bat (D:2)
  2 giant cockroaches
  A goblin (D:1)
  3 hobgoblins
  3 jackals (D:2)
  A quokka (D:2)
  A frilled lizard (D:2)
  2 rats
26 creatures vanquished.

Notes
Turn   | Place    | Note
-------+----------+-------------------------------------------
     0 | D:1      | PentaManta the Troll Monk began the quest for the Orb.
     0 | D:1      | Reached XP level 1. HP: 22/22 MP: 0/0
   497 | D:1      | Reached XP level 2. HP: 29/29 MP: 1/1
   633 | D:2      | Found a blossoming altar of Fedhas.
   681 | D:2      | Noticed Natasha
   689 | D:2      | Killed Natasha
   689 | D:2      | Reached XP level 3. HP: 25/36 MP: 2/2
   955 | D:2      | Noticed Natasha
   969 | D:2      | Killed Natasha
   969 | D:2      | Reached XP level 4. HP: 14/45 MP: 3/3
  1078 | D:2      | Noticed Natasha
  1079 | D:2      | Killed Natasha
  1079 | D:2      | Reached skill level 4 in Unarmed Combat
  1160 | D:3      | Reached XP level 5. HP: 19/53 MP: 4/4
  1163 | D:3      | HP: 2/53 [orc wizard/magic dart (7)]
  1165 | D:3      | Slain by an orc wizard

Levels and vault maps discovered:
D:1:      denvon_arrival_planthouse, layout_basic, minmay_misc_feat_five
D:2:      layout_basic, nicolae_overflow_crystal_walls, nrook_loot_triangle,
          corexii_corridor_pit, uniq_natasha
D:3:      layout_rooms, marbit_many_paths, overflow_temple_1_default,
          chequers_ecumenical_altar_island, uniq_jessica

Skill      XL: |  1  2  3  4 |
---------------+-------------+-----
Fighting       | 3 |  3.2
Dodging        | 3 |  3.4
Unarmed Combat | 4 |  4.5
Stealth        | |  1.0

Action                   |  1- 3 |  4- 6 || total
-------------------------+-------+-------++-------
Melee: Unarmed           |    43 |    30 ||    73
       Punch             |       |     1 ||     1
 Stab: Sleeping          |     2 |       ||     2
       Distracted        |       |     1 ||     1
  Eat: Chunk             |     6 |       ||     6
       Ration            |     1 |       ||     1
Armor: Robe              |    14 |    17 ||    31
Dodge: Dodged            |    13 |    29 ||    42
